 Dungeon Crawl Stone Soup version 0.30-a0-778-g2ef04afb54 (console) character file.

Game seed: 7351218656223955457

65 rlgrobin the Chopper (level 4, -3/38 HPs)
             Began as a Meteoran Fighter on Feb 17, 2023.
             Slain by a goblin
             ... wielding a +0 dagger
             ... led by Robin
              (5 damage)
             ... on level 3 of the Dungeon.
             The game lasted 00:01:28 (227 turns).

rlgrobin the Chopper (Meteoran Fighter)              Turns: 227, Time: 00:01:30

Health: -3/38      AC:  6    Str: 25    XL:     4   Next: 60%
Magic:  5/5        EV:  9    Int: 12    God:
Gold:   14         SH:  5    Dex: 13    Spells: 3/3 levels left

rFire   . . .      SeeInvis .    a - +6 short sword {flame, rPois Will+ Int+2}
rCold   + . .      Faith    .    c - +0 buckler
rNeg    . . .      Spirit   .    b - +0 scale mail
rPois   +          Reflect  .    (no helmet)
rElec   .          Harm     .    (no cloak)
rCorr   .          Rampage  .    (no gloves)
Will    +....                    (no boots) Stlth
                                 (no amulet)
HPRegen 0.26/turn                e - +6 ring of strength
MPRegen 0.09/turn                d - ring of protection from cold

@: glowing
A: sense surroundings 1, otherworldly, glowing, explore regen
a: no special abilities


You were on level 3 of the Dungeon.
You visited 1 branch of the dungeon, and saw 3 of its levels.

You collected 14 gold pieces.

Inventory:

Hand Weapons
 a - the +6 short sword "Qesubaem" (weapon) {flame, rPois Will+ Int+2}
   (You found it on level 2 of the Dungeon)

   Int:       It affects your intelligence (+2).
   rPois:     It protects you from poison.
   Will:      It increases your willpower.
 i - a +0 war axe
Armour
 b - a +0 scale mail (worn)
 c - a +0 buckler (worn)
Jewellery
 d - a ring of protection from cold (right hand)
 e - a +6 ring of strength (left hand)
Scrolls
 j - a scroll of identify {unknown}
Potions
 f - a potion of curing {unknown}
 g - a potion of brilliance {unknown}
 h - a potion of might


   Skills:
 - Level 3.2 Fighting
 + Level 1.6 Short Blades
 - Level 4.7 Axes
 - Level 3.6 Armour
 - Level 3.6 Shields


You had 3 spell levels left.
You didn't know any spells.
Your spell library contained the following spells:

 Spells                   Type           Power      Damage    Failure   Level
 Gell's Gravitas          Tloc           0%         N/A       97%         3
 Teleport Other           Tloc           0%         N/A       97%         3
 Dispersal                Tloc           0%         N/A       100%        6


Dungeon Overview and Level Annotations

Branches:
Dungeon (3/15) Zot: 1564

Altars:

Annotations:
D:3 Robin


Innate Abilities, Weirdness & Mutations

You passively map a small area around you.
You are easily found by Zot.
You glow in the dark.
You regain HP and MP as you explore.


Message History

The goblin hits you but does no damage. You block the goblin's attack. x2
The goblin closely misses you. The hobgoblin closely misses you.
You closely miss the goblin. The goblin hits you but does no damage.
You block the goblin's attack. Robin throws the goblin at you!
The goblin hits you with a +0 dagger. The hobgoblin barely misses you.
You hit the goblin. You burn the goblin.
The goblin is severely wounded.
You block the hobgoblin's attack. The goblin hits you but does no damage.
The goblin closely misses you. You block the goblin's attack.
The goblin hits you with a +0 dagger. x2
You hit the goblin. You burn the goblin.
You kill the goblin!
The goblin hits you but does no damage. The goblin hits you with a +0 dagger.
The goblin hits you but does no damage. Robin hits you with a +0 short sword.
The goblin hits you with a +0 dagger. You block the hobgoblin's attack.
You are too injured to fight recklessly!
You are too injured to fight recklessly!
You are too injured to fight recklessly!
The goblin attacks as you move away! The goblin hits you but does no damage.
The goblin no longer looks unusually strong.
A worm comes into view.
The goblin hits you with a +0 dagger. Robin throws the goblin at you!
You hit the goblin. You burn the goblin.
The goblin is heavily wounded.
The hobgoblin no longer looks unusually strong.
The hobgoblin hits you but does no damage.
The goblin misses you. You block Robin's attack.
The goblin hits you but does no damage. The goblin hits you with a +0 dagger.
* * * LOW HITPOINT WARNING * * *
Robin attacks as you move away! You block Robin's attack.
The hobgoblin no longer looks unusually strong.
You block the goblin's attack.
Robin roars a battlecry!
The goblins go into a battle-frenzy!
The goblin hits you with a +0 dagger.
* * * LOW HITPOINT WARNING * * *
The hobgoblin hits you.
* * * LOW HITPOINT WARNING * * *
The goblin hits you with a +0 dagger.
You die...

#. #.......# ,
#.##.......# ...., ,
###....#####.####.#., ,
##...............#...,,
*#.....)............# .
#..................##.#.
,
#.......)...............
#.......).........#.....
,, ,
#.......†.......@....# .
, ,
#..............gg#.$#...
#.............gg.#....#
, *
##............gggJ.####
, ##....$##....)†w.># ,
, ######*######.......#
* * ...####... ** .w.##
.., , g#.## .


You could see a worm, Robin, a dart slug, an endoplasm, 2 hobgoblins and 4
goblins.

Vanquished Creatures
  Terence (D:2)
  An adder (D:2)
  A worm (D:2)
  2 orcs (D:3)
  2 endoplasms
  2 giant cockroaches
  6 goblins
  A hobgoblin (D:3)
  A kobold (D:1)
  A quokka (D:2)
  3 ball pythons
  3 bats
  A frilled lizard (D:3)
  2 rats (D:2)
27 creatures vanquished.

Notes
Turn   | Place    | Note
-------+----------+-------------------------------------------
     0 | D:1      | rlgrobin the Meteoran Fighter began the quest for the Orb.
     0 | D:1      | Reached XP level 1. HP: 19/19 MP: 2/2
    97 | D:2      | Reached skill level 3 in Axes
    97 | D:2      | Reached XP level 2. HP: 23/26 MP: 3/3
   104 | D:2      | Noticed Terence
   114 | D:2      | Killed Terence
   115 | D:2      | Reached skill level 4 in Axes
   115 | D:2      | Reached XP level 3. HP: 12/31 MP: 4/4
   117 | D:2      | Reached XP level 4. HP: 16/38 MP: 5/5
   136 | D:2      | Identified the +6 short sword "Qesubaem" {flame, rPois
                  | Will+ Int+2}
   187 | D:3      | Reached skill level 1 in Short Blades
   209 | D:3      | Noticed Robin
   226 | D:3      | HP: 1/38 [hobgoblin[Robin] (3)]
   227 | D:3      | Slain by a goblin

Illustrated notes

Levels and vault maps discovered:
D:1:      heliophobic_arrival_ceremonial_halls, layout_loops_ring,
          basic_ecumenical_altar, serial_bayou_pond_b, nicolae_grassy_gnolls
D:2:      layout_loops_ring, basic_altar, minmay_circle_x, uniq_terence
D:3:      layout_rooms, mainiacjoe_overflow_tiny_flanked, uniq_robin

Skill      XL: |  1  2  3  4 |
---------------+-------------+-----
Axes           | 3 4 |  4.7
Short Blades   | 1 |  1.6
Fighting       | |  3.2
Armour         | |  3.6
Shields        | |  3.6

Action                     |  1- 3 |  4- 6 || total
---------------------------+-------+-------++-------
  Melee: War axe           |    22 |     3 ||    25
         Short sword       |       |    26 ||    26
    Use: Potion            |     1 |       ||     1
 Armour: Scale mail        |    24 |    19 ||    43
  Dodge: Dodged            |    14 |    15 ||    29
  Block: Buckler           |    15 |    16 ||    31

Table legend: (Time is in decaauts)
 A = Elapsed time spent in this place.
 B = Non-inter-level travel time spent in this place.
 C = Inter-level travel time spent in this place.
 D = Time resting spent in this place.
 E = Time spent auto-exploring this place.
 F = Levels seen in this place.
 G = Mean time per level.
                   A        B        C        D        E       F      G
               +--------+--------+--------+--------+--------+-----+--------+
         Total |    234 |    234 |      0 |      0 |      0 |   3 |   78.0 |
       Dungeon |    234 |    234 |      0 |      0 |      0 |   3 |   78.0 |
               +--------+--------+--------+--------+--------+-----+--------+

Top non-repeatable levels by time:
     D:2: 92 daAuts
     D:1: 90 daAuts
     D:3: 51 daAuts
